 Dungeon Crawl Stone Soup version 0.25.0-37-gb73750e0fb (webtiles) character file.

Game seed: 7361534903695172249

1201 Ethylacetat the Poker (level 8, -1/61 HPs)
             Began as a Demonspawn Gladiator on July 8, 2020.
             Slain by Blork the orc
             ... wielding a +0 scimitar of protection
              (12 damage)
             ... on level 5 of the Dungeon.
             The game lasted 00:09:14 (5249 turns).

Ethylacetat the Poker (Demonspawn Gladiator)        Turns: 5249, Time: 00:09:15

Health: -1/61      AC:  6    Str: 22    XL:     8   Next: 21%
Magic:  8/8        EV: 14    Int: 10    God:
Gold:   235        SH:  0    Dex: 17    Spells: 7/7 levels left

rFire    x . .     SeeInvis .   x - +4 dagger "Uwira" {vamp, rF- MR+ Str+5}
rCold    . . .     Gourm    .   (no shield)
rNeg     . . .     Faith    .   b - +0 leather armour
rPois    .         Spirit   .   c - +0 helmet
rElec    .         Reflect  .   y - scarf {harm}
rCorr    .         Harm     +   j - +1 pair of gloves {Dex+3}
MR       +....     Rnd*Tele +   (no boots)
Stlth    ++........             (no amulet)
HPRegen  0.20/turn              o - ring of teleportation (curse)
MPRegen  0.11/turn              (no ring)

@: no status effects
A: hooves 1, powered by death 1
a: no special abilities


You were on level 5 of the Dungeon.
You were not hungry.

You visited 1 branch of the dungeon, and saw 5 of its levels.

You collected 235 gold pieces.

Inventory:

Hand Weapons
 a - a +0 trident
 x - the +4 dagger "Uwira" (weapon) {vamp, rF- MR+ Str+5}
   (You found it on level 5 of the Dungeon)

   It inflicts no extra harm, but heals its wielder when it wounds a living foe.
   It affects your strength (+5).
   It makes you vulnerable to fire.
   It affects your resistance to hostile enchantments.
Missiles
 d - 3 throwing nets (quivered)
Armour
 b - a +0 leather armour (worn)
 c - a +0 helmet (worn)
 j - a +1 pair of gloves of dexterity (worn)
 y - a scarf of harm (worn)
Jewellery
 o - a cursed ring of teleportation (left hand)
 w - an uncursed amulet of the acrobat
Scrolls
 e - a scroll of amnesia {unknown}
 i - a scroll of remove curse {unknown}
 k - a scroll of fog {unknown}
 n - 5 scrolls of identify {unknown}
 q - a scroll of fear {unknown}
 s - 3 scrolls of enchant weapon {unknown}
 t - a scroll of blinking {unknown}
 u - a scroll of teleportation {unknown}
 z - a scroll of magic mapping {unknown}
Potions
 g - a potion of resistance {unknown}
 h - a potion of berserk rage {unknown}
 l - 3 potions of magic {unknown}
 m - 3 potions of brilliance {unknown}
 p - 5 potions of curing {unknown}
 r - 2 potions of lignification {unknown}
 v - a potion of flight {unknown}
 B - a potion of might {unknown}
Comestibles
 f - 8 rations
 A - 10 chunks of flesh


   Skills:
 + Level 4.5 Fighting
 - Level 0.3 Short Blades
 * Level 7.1 Polearms
 - Level 1.8 Throwing
 - Level 2.5 Armour
 - Level 4.2 Dodging
 - Level 1.3 Stealth


You had 7 spell levels left.
You didn't know any spells.
Your spell library was empty.

Dungeon Overview and Level Annotations

Branches:
Dungeon (5/15)
 Temple: D:4-7

Altars:
Gozag
Hepliaklqana
Makhleb
Sif Muna
Xom

Annotations:
D:5 Blork the orc


Innate Abilities, Weirdness & Mutations

You have large cloven feet.
You regenerate a little health from kills.


Message History

You puncture Blork the orc! You kick Blork the orc.
Blork the orc is almost dead.
Blork the orc casts a spell.
Blork the orc flickers and vanishes!
Deactivating autopickup; reactivate with Ctrl-A.
You miss something. You kick something. Something barely misses you.
You miss something. Your kick misses something. You closely miss something.
You hit something.
You feel better.
Your kick misses something. You barely miss something.
Your kick misses something. Something hits you!
You hit something. You kick something. Something hits you.
You hit something. You kick something. Something hits you.
You closely miss something. You kick something. Something hits you.
* * * LOW HITPOINT WARNING * * *
You closely miss something. You kick something. You puncture something!
You feel better.
Your kick misses something. Something hits you.
* * * LOW HITPOINT WARNING * * *
You closely miss something. Something hits you!
You die...

##############
....).)......+
.############# .# .
.# #######.# .#
##........ .#
##########.........
.# #..........@{#
.# #.......###..#
.# ###.......# #..#
.# #.........# #..#
.# #.........# #...
#....###### #....
#....# ###.##
#....# .. #....#


There were no monsters in sight!

Vanquished Creatures
  Grinder (D:5)
  A sky beast (D:5)
  2 phantoms
  An ogre (D:5)
  A vampire bat (D:3)
  A crimson imp (D:5)
  A hound (D:5)
  A jelly (D:5)
  An orc priest (D:3)
  5 orc wizards
  An iguana (D:5)
  Natasha (D:3)
  3 worker ants
  3 adders
  An ooze (D:3)
  3 adder skeletons (D:4)
  A worm (D:2)
  3 dart slugs
  3 fire bats (D:3)
  2 leopard geckos
  17 orcs
  2 spectral bats (D:3)
  A ball python (D:1)
  18 bats
  3 bat skeletons (D:3)
  A bat zombie (D:3)
  6 giant cockroaches
  10 goblins
  6 hobgoblins
  15 jackals
  2 quokkas
  A bat simulacrum (D:3)
  6 frilled lizards
  10 kobolds
  A leopard gecko zombie (D:5)
  7 rats
142 creatures vanquished.

Notes
Turn   | Place    | Note
-------+----------+-------------------------------------------
     0 | D:1      | Ethylacetat the Demonspawn Gladiator began the quest for
                  | the Orb.
     0 | D:1      | Reached XP level 1. HP: 16/16 MP: 1/1
   122 | D:1      | Gained mutation: You have large cloven feet. [demonic
                  | ancestry]
   122 | D:1      | Reached XP level 2. HP: 14/22 MP: 2/2
   451 | D:1      | You fall into a shaft and drop 1 floor!
   453 | D:2      | Reached skill level 3 in Polearms
   552 | D:1      | Reached XP level 3. HP: 27/27 MP: 3/3
   902 | D:2      | Found a shimmering altar of Xom.
  1279 | D:2      | Reached XP level 4. HP: 33/34 MP: 4/4
  1371 | D:2      | Found a faded altar of an unknown god.
  1658 | D:2      | Found a hazy altar of Hepliaklqana.
  1746 | D:3      | Reached skill level 1 in Armour
  2136 | D:3      | Reached skill level 4 in Polearms
  2154 | D:3      | Found a shimmering blue altar of Sif Muna.
  2212 | D:3      | Noticed Natasha
  2217 | D:3      | Killed Natasha
  2217 | D:3      | Gained mutation: You regenerate a little health from kills.
                  | [demonic ancestry]
  2217 | D:3      | Reached XP level 5. HP: 35/39 MP: 5/5
  2616 | D:3      | Reached XP level 6. HP: 38/46 MP: 6/6
  3273 | D:4      | Reached skill level 5 in Polearms
  3945 | D:4      | Found an opulent altar of Gozag.
  4001 | D:4      | Reached skill level 1 in Stealth
  4001 | D:4      | Reached XP level 7. HP: 46/52 MP: 7/7
  4175 | D:5      | Entered Level 5 of the Dungeon
  4176 | D:5      | Noticed Grinder
  4178 | D:5      | Paralysed by Grinder for 3 turns
  4336 | D:5      | Killed Grinder
  4336 | D:5      | Reached skill level 6 in Polearms
  4514 | D:5      | Got a scorched dagger
  4515 | D:5      | Identified the +4 dagger "Uwira" {vamp, rF- MR+ Str+5} (You
                  | found it on level 5 of the Dungeon)
  4716 | D:5      | Reached XP level 8. HP: 12/60 MP: 8/8
  4791 | D:5      | Found a burning altar of Makhleb.
  4978 | D:5      | Reached skill level 7 in Polearms
  5228 | D:5      | Noticed Blork the orc
  5249 | D:5      | Slain by Blork the orc

Illustrated notes

Levels and vault maps discovered:
D:1:      lemuel_arrival_muddy, layout_rooms
D:2:      layout_loops_ring, lemuel_coloured_pillars_altar,
          chequers_ecumenical_altar_grove, xom_teletrap_fun
D:3:      layout_loops_corners, nicolae_overflow_hidden_temple, goddamned_bats,
          uniq_natasha
D:4:      layout_rooms, marbit_many_paths, kennysheep_decorative_pillar
D:5:      layout_basic, first_ration, corexii_shack,
          makhleb_blood_cavern_becter, uniq_blork_the_orc, uniq_grinder

Skill      XL: |  1  2  3  4  5  6  7  8 |
---------------+-------------------------+-----
Dodging        | 3 4 |  4.2
Polearms       | 3 4 5 6 7 |  7.1
Armour         | 1 2 |  2.5
Fighting       | 3 4 |  4.5
Stealth        | 1 |  1.3
Short Blades   | |  0.3
Throwing       | |  1.8

Action                   |  1- 3 |  4- 6 |  7- 9 || total
-------------------------+-------+-------+-------++-------
Melee: Trident           |   137 |   258 |    48 ||   443
       Kick              |    23 |    51 |    63 ||   137
       Dagger            |       |       |   105 ||   105
 Stab: Sleeping          |     1 |     2 |     2 ||     5
  Eat: Chunk             |     1 |     9 |     5 ||    15
Armor: Leather armour    |    45 |    98 |    29 ||   172
Dodge: Dodged            |    83 |   213 |    63 ||   359
